Map: Pillars of Gold LE

Players

Nice - Winner!

  • Race: Protoss Protoss
  • Spawn Location: 1:00

ExpecT

  • Race: Terran Terran
  • Spawn Location: 7:00

Event: DreamHack SC2 Masters 2020 Winter

VOD

Have the link to the VOD?

Description

Time

  • Played on: Oct. 21, 2020, 8:31 a.m.
  • Length: 11:06

All games in this series

Show
View Real Time Build Order
Export as new Build Order

Nice Protoss - Winner!

Build Orders: 1 Gate Expand, Archon Immortal 

Get SALT Encoding   

  12  0:00  Probe  
  13  0:12  Probe  
  14  0:19  Pylon  
  14  0:24  Probe (Chrono Boost)  
  15  0:37  Probe (Chrono Boost)  
  15  0:40  Gateway  
  16  0:45  Probe (Chrono Boost)  
  17  0:51  Probe  
  17  0:54  Assimilator  
  18  1:04  Probe  
  19  1:16  Probe  
  20  1:30  Cybernetics Core  
  20  1:40  Nexus  
  20  1:50  Pylon  
  20  1:55  Probe  
  20  1:56  Assimilator  
  21  2:03  Adept (Chrono Boost)  
  23  2:09  Shield Battery  
  23  2:12  Warp Gate  
  23  2:15  Probe  
  24  2:24  Adept (Chrono Boost)  
  24  2:28  Probe  
  27  2:41  Probe  
  28  2:46  Stalker  
  30  2:53  Robotics Facility  
  30  2:55  Probe (Chrono Boost)  
  30  2:57  Probe (Chrono Boost)  
  33  3:05  Probe (Chrono Boost)  
  33  3:08  Probe (Chrono Boost)  
  34  3:16  Stalker (Chrono Boost)  
  34  3:17  Probe  
  34  3:19  Probe  
  37  3:29  Probe  
  37  3:31  Probe  
  39  3:41  Probe  
  39  3:48  Probe  
  41  3:49  Immortal (Chrono Boost)  
  41  3:53  Probe, Pylon  
  41  3:54  Pylon  
  42  4:12  Probe  
  42  4:13  Probe  
  44  4:20  Stalker  
  44  4:21  Warp Prism (Chrono Boost)  
  46  4:24  Probe  
  46  4:25  Probe  
  46  4:30  Gateway  
  48  4:31  Gateway  
  48  4:36  Pylon  
  48  4:39  Gateway  
  48  4:42  Probe  
  48  4:43  Probe  
  48  4:45  Observer (Chrono Boost)  
  50  4:46  Sentry  
  53  4:52  Assimilator  
  53  4:56  Pylon  
  53  4:57  Probe  
  53  4:58  Assimilator  
  54  5:02  Probe  
  54  5:05  Observer (Chrono Boost)  
  56  5:09  Probe  
  57  5:23  Immortal (Chrono Boost)  
  61  5:37  Adept x4  
  59  5:58  Probe x2  
  59  6:00  Twilight Council, Immortal (Chrono Boost)  
  59  6:01  Pylon  
  59  6:03  Adept x2  
  59  6:04  Adept  
  71  6:05  Adept  
  73  6:13  Gateway  
  73  6:15  Gateway  
  73  6:32  Immortal  
  71  6:33  Charge (Chrono Boost)  
  71  6:39  Templar Archives  
  69  6:40  Gateway  
  69  6:42  Gateway  
  69  6:47  Adept x4  
  65  7:13  Immortal  
  65  7:16  Shield Battery, Pylon  
  65  7:17  High Templar x2  
  65  7:18  Zealot x2  
  73  7:23  Archon  
  73  7:25  Shield Battery  
  73  7:35  Zealot x2  
  77  7:38  Zealot x4  
  85  7:55  High Templar x2  
  89  8:00  Archon  
  89  8:04  Zealot x2  
  93  8:09  Zealot x2  
  91  8:14  Shield Battery  
  91  8:16  Psionic Storm  
  89  8:21  Zealot  
  89  8:22  Zealot  
  89  8:26  Immortal  
  89  8:45  Stalker, Nexus  
  89  8:46  Stalker  
  89  8:47  Pylon  
  93  8:52  Pylon  
  93  9:03  Probe  
  93  9:05  Probe  
  95  9:10  Stalker  
  95  9:11  Stalker  
  95  9:12  High Templar x3  
  95  9:15  Probe  
  106  9:17  Probe  
  107  9:26  High Templar  
  107  9:28  Probe  
  110  9:35  Pylon  
  110  9:37  Pylon  
  110  9:54  Zealot x4  
  110  9:56  Zealot x3  
  110  9:58  Zealot  
  92  10:21  Archon  
  92  10:23  Zealot x8  
  103  10:34  Probe x3  
Show
View Real Time Build Order
Export as new Build Order

ExpecT Terran 

Build Orders: Reaper Expand 

Get SALT Encoding   

  12  0:00  SCV  
  13  0:12  SCV  
  14  0:18  Supply Depot  
  14  0:25  SCV  
  15  0:40  SCV  
  15  0:41  Barracks  
  16  0:46  Refinery  
  16  0:52  SCV  
  18  1:04  SCV  
  18  1:18  SCV  
  19  1:32  Orbital Command  
  19  1:33  Reaper  
  20  1:50  Command Center  
  20  1:59  SCV  
  21  2:05  Marine  
  22  2:08  Supply Depot  
  22  2:11  SCV  
  23  2:17  Factory  
  23  2:25  Barracks Reactor  
  23  2:29  Refinery  
  23  2:30  SCV  
  24  2:42  SCV  
  25  2:54  SCV  
  26  3:02  Orbital Command  
  25  3:06  SCV  
  25  3:08  Starport, Widow Mine  
  28  3:14  Marine  
  28  3:15  Marine  
  28  3:18  SCV  
  30  3:29  Widow Mine  
  30  3:30  SCV  
  30  3:31  SCV  
  30  3:32  Marine x2  
  36  3:43  SCV  
  36  3:46  SCV  
  36  3:48  Medivac  
  40  3:49  Supply Depot  
  40  3:51  Widow Mine  
  40  3:55  SCV  
  43  3:58  SCV  
  41  4:07  SCV, Marine x2  
  42  4:11  SCV  
  42  4:12  Barracks x2  
  41  4:19  SCV  
  41  4:20  Starport Tech Lab  
  41  4:23  SCV  
  44  4:25  Factory Tech Lab  
  44  4:31  SCV, Marine x2  
  44  4:35  Bunker  
  44  4:36  SCV  
  44  4:38  Engineering Bay  
  46  4:40  Supply Depot  
  46  4:43  SCV  
  47  4:46  Siege Tank  
  47  4:48  SCV  
  47  4:51  Marine x2  
  53  4:55  SCV  
  53  4:57  Starport Reactor  
  54  5:00  Barracks Tech Lab  
  54  5:04  SCV  
  54  5:07  SCV, Supply Depot, Terran Infantry Weapons Level 1  
  55  5:09  Stimpack  
  55  5:11  Marine x2  
  58  5:20  Siege Tank  
  58  5:24  SCV x2  
  58  5:27  Refinery  
  57  5:41  Marine x4  
  53  5:55  SCV x2  
  50  5:58  Marine, Siege Tank  
  50  5:59  Marine x3  
  57  6:07  SCV x2  
  59  6:16  Marine x2  
  59  6:17  Marine x2  
  62  6:26  SCV  
  62  6:27  SCV  
  64  6:32  Siege Tank  
  64  6:34  Marine x3  
  64  6:35  Marine  
  64  6:39  SCV x2  
  69  6:45  Supply Depot  
  69  6:47  Medivac  
  69  6:51  SCV  
  69  6:52  SCV, Marine x3  
  69  6:53  Marine  
  77  6:54  Combat Shield  
  77  6:59  Supply Depot  
  75  7:10  Marine x3  
  75  7:11  Marine  
  75  7:18  Siege Tank  
  75  7:21  SCV x2  
  80  7:27  Marine  
  80  7:28  Marine x2  
  80  7:29  Marine  
  84  7:37  Medivac  
  84  7:43  SCV  
  84  7:44  SCV  
  88  7:45  Marine x2  
  88  7:46  Marine  
  88  7:47  Command Center, Marine  
  88  7:55  Liberator  
  91  8:00  Supply Depot  
  91  8:02  Supply Depot  
  91  8:03  Marine x3  
  91  8:05  Marine  
  87  8:16  Siege Tank  
  90  8:21  Marine x3  
  90  8:23  Marine  
  90  8:25  SCV x2  
  88  8:36  Terran Infantry Armor Level 1  
  88  8:39  SCV x2, Command Center, Marine x3  
  88  8:40  Refinery, Marine  
  94  8:48  Siege Tank  
  97  8:54  Supply Depot  
  97  8:57  Marine  
  97  8:59  Barracks  
  97  9:02  SCV, Barracks  
  99  9:03  SCV  
  99  9:09  Marauder x2, Marine  
  105  9:14  Marine  
  106  9:18  Medivac  
  106  9:19  Medivac  
  106  9:22  Supply Depot  
  110  9:28  Marine  
  110  9:30  Marauder  
  110  9:31  Marauder  
  115  9:32  Marine  
  116  9:44  Siege Tank  
  119  9:46  Marine  
  119  9:47  Marine  
  119  9:50  Marine  
  119  9:52  Marauder, Marine  
  127  9:53  Marauder  
  127  10:04  Marine  
  127  10:05  Marine  
  129  10:08  Marine  
  129  10:10  Marine  
  125  10:19  Marine  
  125  10:20  Marauder  
  82  10:22  Marine  
  55  10:31  Marine x2  
  57  10:38  Marauder  
Tags
 
Add a new tag
Caveats
  • Supply blocks, unpowered buildings, or Contaminate may cause inaccurate times.
  • Supply counts are checked every 10 seconds.